 Dungeon Crawl Stone Soup version 0.27.1 (webtiles) character file.

Game seed: 13559145919965339800

119 Malachi the Ducker (level 5, -8/47 HPs)
             Began as a Gnoll Monk on Aug 20, 2021.
             Was a Priest of Elyvilon.
             Killed by nerve-wracking pain
             ... invoked by Grinder
              (13 damage)
             ... on level 3 of the Dungeon.
             The game lasted 00:04:23 (2824 turns).

Malachi the Ducker (Gnoll Monk)                     Turns: 2824, Time: 00:04:23

Health: -8/47      AC:  3    Str: 10 (11) XL:     5   Next: 3%
Magic:  6/6        EV: 14    Int: 10      God:    Elyvilon [***...]
Gold:   83         SH:  0    Dex: 13 (14) Spells: 6/6 levels left

rFire    . . .     SeeInvis .   k - +0 shortbow
rCold    . . .     Faith    .   (shield currently unavailable)
rNeg     . . .     Spirit   .   l - +0 leather armour
rPois    .         Reflect  .   (no helmet)
rElec    .         Harm     .   (no cloak)
rCorr    .         Rampage  .   (no gloves)
Will     .....     Clarity  +   (no boots)
Stlth    ++........             (no amulet)
HPRegen  0.15/turn              (no ring)
MPRegen  0.10/turn              (no ring)

@: attractive
A: fangs 1, strong nose, distributed training, hooves 1, clarity, deterioration
1
a: Renounce Religion, Lesser Healing, Heal Other, Purification, Divine
Protection


You were on level 3 of the Dungeon.
You worshipped Elyvilon.
Elyvilon was most pleased with you.
You visited 1 branch of the dungeon, and saw 3 of its levels.

You collected 83 gold pieces.

Inventory:

Hand Weapons
 a - a +0 falchion
 c - a +0 hunting sling
 g - a +1 whip of freezing
 k - a +0 shortbow (weapon)
Missiles
 f - 18 arrows (quivered ammo)
Armour
 l - a +0 leather armour (worn)
Scrolls
 d - a scroll of magic mapping {unknown}
 e - 2 scrolls of blinking {unknown}
 h - a scroll of fog {unknown}
 j - a scroll of amnesia {unknown}
 n - a scroll of teleportation {unknown}
 o - a scroll of vulnerability {unknown}
Potions
 m - 2 potions of curing


   Skills:
 + Level 6.6 Fighting
 + Level 1.3 Short Blades
 + Level 6.6 Long Blades
 + Level 1.3 Axes
 + Level 1.3 Maces & Flails
 + Level 1.3 Polearms
 + Level 1.3 Staves
 + Level 1.3 Slings
 + Level 1.3 Bows
 + Level 1.3 Crossbows
 + Level 1.3 Throwing
 + Level 1.3 Armour
 + Level 6.6 Dodging
 + Level 4.3 Stealth
 + Level 1.3 Shields
 + Level 1.3 Unarmed Combat
 + Level 1.3 Spellcasting
 + Level 1.0 Conjurations
 + Level 1.0 Hexes
 + Level 1.0 Summonings
 + Level 1.0 Necromancy
 + Level 1.0 Translocations
 + Level 1.0 Transmutations
 + Level 1.0 Fire Magic
 + Level 1.0 Ice Magic
 + Level 1.0 Air Magic
 + Level 1.0 Earth Magic
 + Level 1.0 Poison Magic
 + Level 1.4 Invocations
 + Level 1.3 Evocations


You had 6 spell levels left.
You didn't know any spells.
Your spell library contained the following spells:

 Spells                   Type           Power      Damage    Failure   Level
 Magic Dart               Conj           8%         1d3       28%         1
 Call Imp                 Summ           2%         N/A       41%         2
 Sublimation of Blood     Necr           1%         N/A       41%         2
 Wereblood                Tmut           2%         N/A       41%         2
 Mephitic Cloud           Conj/Pois/Air  2%         N/A       65%         3
 Summon Hydra             Summ           1%         N/A       100%        7


Dungeon Overview and Level Annotations

Branches:
Dungeon (3/15)

Altars:
Elyvilon
Wu Jian

Shops:
D:2 ?

Annotations:
D:3 Grinder, Sigmund


Innate Abilities, Weirdness & Mutations

You have very sharp teeth.
Your uncanny sense of smell can sniff out nearby items.
Your experience applies equally to all skills.
You have large cloven feet.
You possess an exceptional clarity of mind.
Your body sometimes deteriorates upon taking damage.


Message History

Grinder hits you.
* * * LOW HITPOINT WARNING * * *
Your body deteriorates!
You feel clumsy.
You writhe in agony.
* * * LOW HITPOINT WARNING * * *
You feel better. Grinder closely misses you.
Fire: 23 arrows
Press: ? - help, Q - select action, (/) - cycle Shift-Dir - straight line, f/p - Grinder
Aim: Grinder (heavily wounded, 57% to hit)
You shoot an arrow. The arrow hits Grinder!
Grinder is severely wounded.
Grinder closely misses you.
Fire: 22 arrows
Press: ? - help, Q - select action, (/) - cycle Shift-Dir - straight line, f/p - Grinder
Aim: Grinder (severely wounded, 57% to hit)
You shoot an arrow. The arrow closely misses Grinder.
Grinder hits you!
* * * LOW HITPOINT WARNING * * *
You writhe in agony.
* * * LOW HITPOINT WARNING * * *
Fire: 21 arrows
Press: ? - help, Q - select action, (/) - cycle Shift-Dir - straight line, f/p - Grinder
Aim: Grinder (severely wounded, 57% to hit)
You shoot an arrow. The arrow closely misses Grinder.
Grinder barely misses you. Grinder misses you.
Fire: 20 arrows
Press: ? - help, Q - select action, (/) - cycle Shift-Dir - straight line, f/p - Grinder
Aim: Grinder (severely wounded, 57% to hit)
You shoot an arrow. The arrow hits Grinder.
Grinder is severely wounded.
Grinder blinks!
Grinder is pulled toward you!
Fire: 19 arrows
Press: ? - help, Q - select action, (/) - cycle Shift-Dir - straight line, f/p - Grinder
Aim: Grinder (severely wounded, 57% to hit)
You shoot an arrow.
The arrow hits Grinder but does no damage.
Grinder is severely wounded.
Grinder gestures at you. Pain shoots through your body!
You die...

## #.##### #...).
####..###
##...#†..##
##....(##..#
#...(.@.##.#
#.....§.##.#
#.....5.##.####
#......(###....###
##..####.
####...## #...∆ .
###..# ♣♣. .
##.#### ♣ ..
#....# ####.###


You could see Grinder.

Vanquished Creatures
  A bullfrog skeleton (D:2)
  An orc wizard (D:3)
  2 dart slugs
  2 orcs (D:2)
  4 bats
  5 endoplasms
  A giant cockroach (D:3)
  4 hobgoblins
  10 jackals
  3 quokkas
  4 ball pythons
  4 frilled lizards
  3 goblins
  3 kobolds (D:1)
  9 rats
56 creatures vanquished.

Notes
Turn   | Place    | Note
-------+----------+-------------------------------------------
     0 | D:1      | Malachi the Gnoll Monk began the quest for the Orb.
     0 | D:1      | Reached XP level 1. HP: 23/23 MP: 1/1
   156 | D:1      | Reached XP level 2. HP: 29/29 MP: 2/2
   689 | D:1      | Reached XP level 3. HP: 34/35 MP: 3/3
   782 | D:1      | Noticed a great orb of eyes
   785 | D:1      | Found a faded altar of an unknown god.
   788 | D:1      | Noticed a floating eye
   788 | D:1      | Noticed an eye of devastation
   788 | D:1      | Noticed an eye of devastation
   795 | D:1      | Became a worshipper of Elyvilon the Healer
   795 | D:1      | Reached * piety under Elyvilon
   795 | D:1      | Reached ** piety under Elyvilon
   925 | D:2      | Reached skill level 1 in Short Blades
   925 | D:2      | Reached skill level 1 in Axes
   925 | D:2      | Reached skill level 1 in Maces & Flails
   925 | D:2      | Reached skill level 1 in Polearms
   925 | D:2      | Reached skill level 1 in Staves
   925 | D:2      | Reached skill level 1 in Slings
   925 | D:2      | Reached skill level 1 in Bows
   925 | D:2      | Reached skill level 1 in Crossbows
   925 | D:2      | Reached skill level 1 in Throwing
   925 | D:2      | Reached skill level 1 in Armour
   925 | D:2      | Reached skill level 1 in Shields
   925 | D:2      | Reached skill level 1 in Unarmed Combat
   925 | D:2      | Reached skill level 1 in Spellcasting
   925 | D:2      | Reached skill level 1 in Invocations
   925 | D:2      | Reached skill level 1 in Evocations
  1202 | D:2      | Reached *** piety under Elyvilon
  1226 | D:2      | Reached XP level 4. HP: 37/41 MP: 5/5
  1290 | D:2      | Found an ornate altar of the Wu Jian Council.
  2116 | D:2      | Found Koank's Magic Scroll Boutique.
  2164 | D:3      | Noticed Sigmund
  2170 | D:3      | Reached skill level 1 in Conjurations
  2170 | D:3      | Reached skill level 1 in Hexes
  2170 | D:3      | Reached skill level 1 in Summonings
  2170 | D:3      | Reached skill level 1 in Necromancy
  2170 | D:3      | Reached skill level 1 in Translocations
  2170 | D:3      | Reached skill level 1 in Transmutations
  2170 | D:3      | Reached skill level 1 in Fire Magic
  2170 | D:3      | Reached skill level 1 in Ice Magic
  2170 | D:3      | Reached skill level 1 in Air Magic
  2170 | D:3      | Reached skill level 1 in Earth Magic
  2170 | D:3      | Reached skill level 1 in Poison Magic
  2741 | D:3      | Reached XP level 5. HP: 47/47 MP: 6/6
  2793 | D:3      | Reached **** piety under Elyvilon
  2793 | D:3      | Noticed Grinder
  2797 | D:3      | Paralysed by Grinder for 3 turns
  2802 | D:3      | Gained mutation: Your body sometimes deteriorates upon
                  | taking damage. [potion of mutation]
  2802 | D:3      | Gained mutation: You possess an exceptional clarity of
                  | mind. [potion of mutation]
  2802 | D:3      | Gained mutation: You have large cloven feet. [potion of
                  | mutation]
  2824 | D:3      | Killed from afar by Grinder

Illustrated notes

Levels and vault maps discovered:
D:1:      heliophobic_arrival_glass_houses, layout_rooms,
          hellmonk_ecumenical_altar_watching_god, minmay_pentomino_q2
D:2:      layout_loops_ring, basic_altar, serial_shops, shop_fountains,
          hex_tiny, chequers_serial_rivers_small_b
D:3:      layout_rooms, fountainhead, uniq_crazy_yiuf_cottage, uniq_sigmund,
          uniq_grinder, uniq_terence

Skill      XL: |  1  2  3  4 |
---------------+-------------+-----
Short Blades   | 1 |  1.3
Axes           | 1 |  1.3
Maces & Flails | 1 |  1.3
Polearms       | 1 |  1.3
Staves         | 1 |  1.3
Slings         | 1 |  1.3
Bows           | 1 |  1.3
Crossbows      | 1 |  1.3
Throwing       | 1 |  1.3
Armour         | 1 |  1.3
Shields        | 1 |  1.3
Unarmed Combat | 1 |  1.3
Spellcasting   | 1 |  1.3
Invocations    | 1 |  1.4
Evocations     | 1 |  1.3
Conjurations   | 1 |  1.0
Hexes          | 1 |  1.0
Summonings     | 1 |  1.0
Necromancy     | 1 |  1.0
Translocations | 1 |  1.0
Transmutations | 1 |  1.0
Fire Magic     | 1 |  1.0
Ice Magic      | 1 |  1.0
Air Magic      | 1 |  1.0
Earth Magic    | 1 |  1.0
Poison Magic   | 1 |  1.0
Fighting       | |  6.6
Long Blades    | |  6.6
Dodging        | |  6.6
Stealth        | |  4.3

Action                   |  1- 3 |  4- 6 || total
-------------------------+-------+-------++-------
Melee: Falchion          |    39 |       ||    39
       Whip              |    27 |    88 ||   115
       Bite              |     2 |     8 ||    10
       Punch             |       |     1 ||     1
       Kick              |       |     1 ||     1
 Fire: Shortbow          |       |     9 ||     9
Invok: Lesser Healing    |     1 |       ||     1
       Greater Healing   |       |     1 ||     1
  Use: Potion            |       |     4 ||     4
 Stab: Sleeping          |     3 |     7 ||    10
Armor: Robe              |     8 |       ||     8
       Leather armour    |       |    23 ||    23
Dodge: Dodged            |    65 |    90 ||   155
       Rpst.: Falchion   |    18 |       ||    18
